 Dungeon Crawl Stone Soup version 0.22-a0-282-gdd34a7d (webtiles) character file.

109 Deeps the Chopper (level 4, -4/41 HPs)
             Began as a Minotaur Gladiator on Mar 18, 2018.
             Was an Initiate of Okawaru.
             Slain by Sigmund
             ... wielding a +0 scythe
              (9 damage)
             ... on level 2 of the Dungeon.
             The game lasted 00:02:35 (1747 turns).

Deeps the Chopper (Minotaur Gladiator)              Turns: 1747, Time: 00:02:35

Health: -4/41      AC:  6    Str: 19    XL:     4   Next: 59%
Magic:  3/3        EV: 11    Int:  5    God:    Okawaru [......]
Gold:   65         SH:  0    Dex: 12    Spells: 3/3 levels left

rFire    . . .     SeeInvis .   a - +0 war axe
rCold    . . .     Gourm    .   (no shield)
rNeg     . . .     Faith    .   g - +0 scale mail
rPois    .         Spirit   .   c - +0 hat
rElec    .         Reflect  .   (no cloak)
rCorr    .         Harm     .   (no gloves)
MR       .....                  (no boots)
Stlth    ..........             (no amulet)
HPRegen  0.13/turn              (no ring)
MPRegen  0.08/turn              (no ring)

@: no status effects
A: retaliatory headbutt, horns 2
a: Renounce Religion


You were on level 2 of the Dungeon.
You worshipped Okawaru.
Okawaru was noncommittal.
You were hungry.

You visited 1 branch of the dungeon, and saw 2 of its levels.

You collected 65 gold pieces.

Inventory:

Hand Weapons
 a - a +0 war axe (weapon)
Missiles
 d - 3 throwing nets (quivered)
Armour
 b - a +0 leather armour
 c - a +0 hat (worn)
 g - a +0 scale mail (worn)
Scrolls
 e - 3 scrolls of identify
 i - a scroll of teleportation {unknown}
 j - a scroll of enchant armour {unknown}
Comestibles
 f - 7 rations


   Skills:
 + Level 4.5 Fighting
 + Level 5.3 Axes
 - Level 2.0 Throwing
 - Level 3.2 Dodging


You had 3 spell levels left.
You didn't know any spells.

Dungeon Overview and Level Annotations

Branches:
Dungeon (2/15)

Altars:
Okawaru
Zin

Annotations:
D:2 Sigmund


Innate Abilities, Weirdness & Mutations

You reflexively headbutt those who attack you in melee.
You have a pair of horns on your head.


Message History

You bump into the rock wall.
Something barely misses you.
You aren't carrying any potions.
You're too confused!
You bump into the rock wall.
You feel less confused. Something hits you.
Something hits you but does no damage.
Things that are here:
a club; a kobold corpse; a bat corpse You barely miss something.
You closely miss something.
You hear some strange, mumbled words.
A magic dart appears from out of thin air!
The magic dart hits you!
* * * LOW HITPOINT WARNING * * *
Something hits you.
* * * LOW HITPOINT WARNING * * *
You barely miss something. Your headbutt misses something. You miss something.
Your headbutt misses something. Something hits you!
You die...

#.........# #.#.# #
########### #.#.## ####
#....###..) ##
##.#..##)## ...
#........# ....
##..####.# .....
########...###.#
......###........#..##(.
.....w{@..#########..#..
......##### ##.#.# .....
#.#.. .... #.... ...
#####.... .# #######
###........ #...P.#
##...###.#.# >
##P..8.###..#####.#..
##. #....[)....##
##..#.#


You could see a dart slug.

Vanquished Creatures
  Robin (D:2)
  2 adders (D:2)
  An ooze (D:2)
  A worm (D:2)
  4 dart slugs
  2 leopard geckos (D:2)
  4 bats (D:2)
  2 bat skeletons (D:2)
  4 giant cockroaches
  12 goblins
  8 hobgoblins
  3 jackals (D:1)
  8 kobolds
  2 frilled lizards (D:1)
  2 jackal skeletons (D:2)
  A leopard gecko zombie (D:2)
  A quokka skeleton (D:2)
  2 rats (D:1)
60 creatures vanquished.

Notes
Turn   | Place    | Note
-------+----------+-------------------------------------------
     0 | D:1      | Deeps the Minotaur Gladiator began the quest for the Orb.
     0 | D:1      | Reached XP level 1. HP: 18/18 MP: 0/0
    62 | D:1      | Reached skill level 4 in Axes
    62 | D:1      | Reached XP level 2. HP: 17/26 MP: 1/1
   627 | D:1      | Reached XP level 3. HP: 28/31 MP: 2/2
   926 | D:2      | Noticed Robin
  1438 | D:2      | Killed Robin
  1438 | D:2      | Reached XP level 4. HP: 40/40 MP: 3/3
  1444 | D:2      | Reached skill level 5 in Axes
  1508 | D:2      | Found an iron altar of Okawaru.
  1508 | D:2      | Found a glowing silver altar of Zin.
  1623 | D:2      | Became a worshipper of Warmaster Okawaru
  1726 | D:2      | Noticed Sigmund
  1747 | D:2      | Slain by Sigmund

Vault maps used:
D:1:      minmay_arrival_floating_metal, minmay_misc_feat_room,
          minmay_tromino_v2
D:2:      lemuel_coloured_pillars_altar,
          chequers_temple_overflow_statue_of_worship, first_ration,
          serial_undead, serial_undead_e, serial_undead_d, serial_undead_b,
          serial_undead_e, uniq_robin, uniq_sigmund

Skill      XL: |  1  2  3  4 |
---------------+-------------+-----
Fighting       | 3 4 |  4.5
Axes           | 4 5 |  5.3
Throwing       | |  2.0
Dodging        | |  3.2

Action                   |  1- 3 |  4- 6 || total
-------------------------+-------+-------++-------
Melee: War axe           |    80 |    38 ||   118
       Headbutt          |     4 |     5 ||     9
  Use: Potion            |     1 |     1 ||     2
       Scroll            |     1 |       ||     1
  Eat: Chunk             |     2 |       ||     2
Armor: Leather armour    |    18 |       ||    18
       Scale mail        |    17 |     8 ||    25
Dodge: Dodged            |    69 |    27 ||    96

Table legend:
 A = Spawn XP
 B = Non-spawn XP
 C = Spawn XP percentage of total XP
 D = Spawn monster count
 E = Non-spawn monster count
 F = Spawn count percentage of total count
 G = Total turns spent on level
                    A         B        C        D         E        F      G
               +---------+---------+-------+---------+---------+-------+---------
         Total |       0 |     156 |   0.0 |       0 |      60 |   0.0 |  1747
               +---------+---------+-------+---------+---------+-------+---------
           D:1 |       0 |      51 |   0.0 |       0 |      26 |   0.0 |  1114
           D:2 |       0 |     105 |   0.0 |       0 |      34 |   0.0 |   633
               +---------+---------+-------+---------+---------+-------+---------
